 Dungeon Crawl Stone Soup version 0.22.1-6-g1668fe2c40 (webtiles) character file.

3816 SeriosSam the Thaumaturge (level 9, 0/40 HPs)
             Began as a Deep Elf Conjurer on Jan 17, 2019.
             Was a Priest of Sif Muna.
             Slain by Grum
             ... wielding a +0 spear
              (9 damage)
             ... on level 8 of the Dungeon.
             The game lasted 00:50:23 (11037 turns).

SeriosSam the Thaumaturge (Deep Elf Conjurer)      Turns: 11037, Time: 00:50:24

Health: 0/40       AC:  7    Str:  6    XL:     9   Next: 97%
Magic:  17/26      EV: 14    Int: 23    God:    Sif Muna [***...]
Gold:   493        SH:  0    Dex: 13    Spells: 20/31 levels left

rFire    . . .     SeeInvis .   (no weapon)
rCold    . . .     Gourm    .   (no shield)
rNeg     . . .     Faith    .   a - +0 robe
rPois    .         Spirit   .   (no helmet)
rElec    .         Reflect  .   j - +0 cloak
rCorr    .         Harm     .   (no gloves)
MR       .....                  (no boots)
Stlth    +++.......             (no amulet)
HPRegen  0.13/turn              (no ring)
MPRegen  0.20/turn              (no ring)

@: no status effects
A: iridescent scales 1, slimy green scales 1, clumsy 1, frail 1
a: Divine Energy, Channel Magic, Renounce Religion


You were on level 8 of the Dungeon.
You worshipped Sif Muna.
Sif Muna was most pleased with you.
You were not hungry.

You visited 2 branches of the dungeon, and saw 9 of its levels.

You collected 493 gold pieces.

Inventory:

Armour
 a - a +0 robe (worn)
 j - a +0 cloak (worn)
Jewellery
 b - an uncursed ring of fire
Wands
 f - a wand of enslavement (10)
 k - a wand of digging (22)
 l - a wand of clouds (5)
Scrolls
 d - a scroll of enchant weapon
 g - a scroll of teleportation
 h - a scroll of identify
 i - 2 scrolls of magic mapping
Potions
 e - 2 potions of lignification
 n - 2 potions of brilliance
 o - a potion of haste
Comestibles
 c - 6 rations


   Skills:
 + Level 4.6 Dodging
 + Level 5.4 Stealth
 + Level 11.9 Spellcasting
 + Level 10.4 Conjurations
 + Level 5.5 Hexes
 + Level 1.7 Translocations


You had 20 spell levels left.
You knew the following spells:

 Your Spells              Type           Power        Failure   Level  Hunger
a - Magic Dart            Conj           ####         1%          1    None
c - Searing Ray           Conj           ######       1%          2    None
s - Force Lance           Conj/Tloc      #####...     3%          4    None
x - Fulminant Prism       Conj/Hex       ######....   1%          4    None

Your spell library contained the following spells:

 Spells                   Type           Power        Failure   Level  Hunger
 Dazzling Spray           Conj/Hex       ######       1%          3    None
 Iskenderun's Mystic Bla  Conj           ######..     1%          4    None


Dungeon Overview and Level Annotations

Branches:
Dungeon (8/15)             Temple (1/1) D:7
   Lair: D:8-11

Altars:
Ashenzari
Cheibriados
Dithmenos
Elyvilon
Fedhas
Gozag
Hepliaklqana
Kikubaaqudgha
Makhleb
Nemelex Xobeh
Okawaru
Qazlal
Ru
Sif Muna
Trog
Uskayaw
Vehumet
Wu Jian
Xom
Yredelemnul
Zin
The Shining One

Shops:
D:5 ([*

Annotations:
D:8 Grum


Innate Abilities, Weirdness & Mutations

You are partially covered in iridescent scales. (AC +2)
You are partially covered in slimy green scales. (AC +2)
You are clumsy. (Dex -2)
You are frail. (-10% HP)


Message History

The searing ray misses Grum.
The searing ray hits the wolf.
The wolf is severely wounded.
You finish channeling your searing ray.
Casting: Searing Ray (safe; 1% risk of failure)
Confirm with . or Enter, or press ? or * to list all spells.
Aiming: Searing Ray (safe; 1% risk of failure)
Press: ? - help, Shift-Dir - straight line, f - wolf
Aim: a wolf (severely wounded)
The searing ray hits the wolf.
The wolf is almost dead. (Press . to maintain the ray.)
The wolf bites you. Grum hits you from afar with a spear!
* * * LOW HITPOINT WARNING * * *
The wolf bites you.
* * * LOW HITPOINT WARNING * * *
Okay, then.
The searing ray hits the wolf.
The wolf is severely wounded.
Grum hits you from afar with a spear!
You die...

# ###.....########
#.#...............
#.#.#.....#######.
##.........#
.........###
####...## ##.##
#.# #@# ##h##
##.g.## ##.....##
##.......##
#(........####...
+.........'...h..
#.........####...
##.......##


You could see Grum and a wolf.

Vanquished Creatures
  3 hogs (D:7)
  A human (D:7)
  A yak (D:7)
  A water moccasin (D:6)
  A sky beast (D:5)
  An ice beast (D:7)
  2 phantoms
  A centaur (D:7)
  3 ogres
  3 wolves (D:8)
  4 bullfrogs
  A wyvern zombie (D:7)
  4 scorpions
  8 wights
  3 howler monkeys
  An oklob sapling (D:7)
  2 crimson imps
  5 hounds
  A jelly (D:6)
  3 orc priests
  Crazy Yiuf (D:2)
  2 bullfrog skeletons
  A gnoll shaman (D:4)
  6 orc wizards
  8 worker ants
  2 hound skeletons (D:7)
  4 gnolls (D:4)
  5 adders
  3 shadow imps
  An adder zombie (D:6)
  5 worms
  2 dart slugs
  4 leopard geckos
  21 orcs
  11 bats
  9 giant cockroaches
  7 goblins
  6 hobgoblins
  19 jackals
  A quokka (D:7)
  7 frilled lizards
  10 kobolds
  2 quokka zombies
  10 rats
  9 plants (D:7)
205 creatures vanquished.

Vanquished Creatures (others)
  43 fulminant prisms
  7 fungi (D:5)
50 creatures vanquished.

Grand Total: 255 creatures vanquished

Notes
Turn   | Place    | Note
-------+----------+-------------------------------------------
     0 | D:1      | SeriosSam the Deep Elf Conjurer began the quest for the
                  | Orb.
     0 | D:1      | Reached XP level 1. HP: 10/10 MP: 6/6
   149 | D:1      | Reached XP level 2. HP: 15/15 MP: 4/8
   189 | D:1      | Reached skill level 5 in Conjurations
   260 | D:1      | Learned a level 2 spell: Searing Ray
   436 | D:1      | Found a shimmering altar of Xom.
   438 | D:1      | Found a shimmering altar of Xom.
   438 | D:1      | Found a basalt altar of Yredelemnul.
   440 | D:1      | Found a shadowy altar of Dithmenos.
   440 | D:1      | Found a hazy altar of Hepliaklqana.
   440 | D:1      | Found a stormy altar of Qazlal.
   717 | D:1      | Reached XP level 3. HP: 16/19 MP: 3/9
   964 | D:1      | You fall through a shaft!
  1127 | D:2      | Found a runed door.
  1131 | D:2      | Noticed Crazy Yiuf
  1159 | D:2      | Killed Crazy Yiuf
  1221 | D:2      | Reached XP level 4. HP: 24/24 MP: 3/11
  1511 | D:2      | Learned a level 4 spell: Fulminant Prism
  2215 | D:3      | Found a glowing silver altar of Zin.
  2360 | D:3      | Found a faded altar of an unknown god.
  2629 | D:3      | Reached skill level 4 in Spellcasting
  2916 | D:3      | Learned a level 4 spell: Force Lance
  2921 | D:3      | Found a shadowy altar of Dithmenos.
  3004 | D:3      | Reached XP level 5. HP: 27/28 MP: 7/13
  3247 | D:3      | Found a deep blue altar of Sif Muna.
  3253 | D:3      | Became a worshipper of Sif Muna the Loreminder
  3554 | D:4      | Noticed a phantom
  3619 | D:4      | Killed a phantom
  3619 | D:4      | Reached skill level 5 in Spellcasting
  3619 | D:4      | Reached skill level 1 in Hexes
  3619 | D:4      | Reached XP level 6. HP: 22/32 MP: 1/15
  3950 | D:4      | Reached skill level 6 in Spellcasting
  4291 | D:4      | Reached XP level 7. HP: 14/36 MP: 7/18
  4969 | D:4      | Reached skill level 7 in Spellcasting
  5244 | D:4      | Reached * piety under Sif Muna
  5373 | D:5      | Entered Level 5 of the Dungeon
  5380 | D:5      | Found Syranips's General Store.
  5423 | D:5      | Found Xoestue's Armour Emporium.
  5623 | D:5      | Found an iron altar of Okawaru.
  5645 | D:5      | Found Qoej's Weapon Shop.
  5874 | D:5      | Reached skill level 8 in Spellcasting
  6606 | D:6      | Reached XP level 8. HP: 41/41 MP: 17/22
  7678 | D:6      | Found a basalt altar of Yredelemnul.
  7681 | D:6      | Found a blossoming altar of Fedhas.
  7686 | D:6      | Found a glowing golden altar of the Shining One.
  7686 | D:6      | Found an iron altar of Okawaru.
  7722 | D:6      | Reached ** piety under Sif Muna
  7787 | D:6      | Reached skill level 1 in Translocations
  7948 | D:6      | Reached skill level 9 in Spellcasting
  8593 | D:7      | Found a staircase to the Ecumenical Temple.
  8817 | D:7      | Reached skill level 10 in Spellcasting
  8817 | D:7      | Reached XP level 9. HP: 45/45 MP: 13/25
  8824 | D:7      | Reached skill level 5 in Stealth
  9454 | D:7      | Reached *** piety under Sif Muna
  9484 | D:7      | Reached skill level 11 in Spellcasting
  9776 | D:7      | Reached skill level 10 in Conjurations
  9776 | D:7      | Reached skill level 5 in Hexes
 10007 | Temple   | Entered the Ecumenical Temple
 10503 | D:7      | Found a burning altar of Makhleb.
 10642 | D:7      | Found a shadowy altar of Dithmenos.
 10644 | D:7      | Found a hazy altar of Hepliaklqana.
 10646 | D:7      | Found a snail-covered altar of Cheibriados.
 10804 | D:8      | Gained mutation: You are frail. (-10% HP) [potion of
                  | mutation]
 10804 | D:8      | Gained mutation: You are partially covered in slimy green
                  | scales. (AC +2) [potion of mutation]
 10804 | D:8      | Gained mutation: You are clumsy. (Dex -2) [potion of
                  | mutation]
 10804 | D:8      | Gained mutation: You are partially covered in iridescent
                  | scales. (AC +2) [potion of mutation]
 11027 | D:8      | Noticed Grum
 11037 | D:8      | Slain by Grum

Skill      XL: |  1  2  3  4  5  6  7  8  9 |
---------------+----------------------------+-----
Conjurations   | 5 6 7 9 10 | 10.4
Stealth        | 3 4 5 |  5.4
Spellcasting   | 4 5 6 8 10 11 | 11.9
Hexes          | 1 2 3 5 |  5.5
Dodging        | 3 4 |  4.6
Translocations | 1 |  1.7

Action                   |  1- 3 |  4- 6 |  7- 9 || total
-------------------------+-------+-------+-------++-------
Melee: Unarmed           |     2 |       |     1 ||     3
 Cast: Magic Dart        |    38 |    45 |    46 ||   129
       Searing Ray       |    13 |    25 |    71 ||   109
       Fulminant Prism   |       |    10 |    33 ||    43
       Force Lance       |       |       |    11 ||    11
  Use: Scroll            |     2 |       |    23 ||    25
       Potion            |     1 |     1 |     5 ||     7
  Eat: Ration            |     1 |     3 |     7 ||    11
Armor: Robe              |     3 |    13 |     9 ||    25
Dodge: Dodged            |     9 |    42 |    58 ||   109
